 Dungeon Crawl Stone Soup version 0.31.0-1-g2c135a0 (webtiles) character file.

Game seed: 17878480169655324067

284718 bonscott the Warrior (level 19, 0/244 HPs)
             Began as a Merfolk Berserker on Apr 6, 2024.
             Was a High Priest of Trog.
             Incinerated by a balrug (4 damage)
             ... with a pyre arrow
             ... on level 3 of the Elven Halls on Apr 7, 2024.
             The game lasted 06:59:58 (41098 turns).

bonscott the Warrior (Merfolk Berserker)           Turns: 41098, Time: 06:59:58

Health: 0/244      AC: 26    Str: 29    XL:     19   Next: 76%
Magic:  19/19      EV: 18    Int: 10    God:    Trog [*****.]
Gold:   2890       SH: 24    Dex: 16    Spells: 18/18 levels left

rFire   . . .        m - +3 quick blade (flame)
rCold   + . .        K - +2 tower shield
rNeg    . . .        y - +4 storm dragon scales {Bai Suzhen}
rPois   .            p - +0 helmet of Susugh {rC+ Int+4}
rElec   +            (no cloak)
rCorr   .            k - +0 pair of gloves of the King of the Hill {Regen+}
SInv    .            c - +1 pair of boots
Will    +++..        B - amulet of reflection Stlth
                     g - +6 ring of strength
HPRegen 2.40/turn    w - +5 ring of evasion
MPRegen 0.16/turn

%: reflection
@: berserking, on fire, strong-willed, regenerating, glowing, studying 2 skills,
very quick
A: (nimble swimmer 2), mertail
}: 2/15 runes: decaying, serpentine
a: Renounce Religion, Berserk, Trog's Hand, Brothers in Arms


You were on level 3 of the Elven Halls.
You worshipped Trog.
Trog was extremely pleased with you.
You visited 6 branches of the dungeon, and saw 33 of its levels.
You visited the Abyss 2 times.

You collected 3535 gold pieces.
You spent 645 gold pieces at shops.

Inventory:

Hand Weapons
 a - a +9 demon trident of flaming
 b - the +3 greatsling "Punk" {acid, rCorr}
   (You found it on level 5 of the Lair of Beasts)

   rCorr:     It protects you from acid and corrosion.
 j - a +8 dagger of flaming
 l - the +5 trident "Embalmer" {flame, Will+ Str-4 SInv}
   (Trog gifted it to you on level 3 of the Snake Pit)

   Str-4:     It affects your strength (-4).
   Will+:     It increases your willpower.
   SInv:      It lets you see invisible.
 m - a +3 quick blade of flaming (weapon)
 t - the +8 dagger of Geurov {antimagic, rF+++}
   (You found it on level 14 of the Dungeon)

   rF+++:     It renders you almost immune to fire.
 z - a +5 scimitar of freezing
 A - the +4 whip of Reinforcement {venom, *Slow rElec Will+++ Int-4}
   (You found it on level 2 of the Dungeon)

   Int-4:     It affects your intelligence (-4).
   rElec:     It insulates you from electricity.
   Will+++:   It greatly increases your willpower.
   *Slow:     It may slow you when you take damage.
Missiles
 h - 111 poisoned darts
 q - 20 curare-tipped darts
 F - 22 boomerangs
 V - 4 silver javelins (quivered)
Armour
 c - a +1 pair of boots (worn)
 k - the +0 pair of gloves of the King of the Hill (worn) {Regen+}
   (You acquired it on level 10 of the Dungeon)

   Regen+:    It increases your rate of health regeneration.
 p - the +0 helmet of Susugh (worn) {rC+ Int+4}
   (You found it on level 12 of the Dungeon)

   Int+4:     It affects your intelligence (+4).
   rC+:       It protects you from cold.
 y - +4 storm dragon scales (worn) {Bai Suzhen}
 K - a +2 tower shield (worn)
Jewellery
 g - a +6 ring of strength (left hand)
 w - a +5 ring of evasion (right hand)
 B - an amulet of reflection (around neck)
 M - a ring of positive energy
 N - a ring of flight
 Y - a ring of poison resistance
Wands
 d - a wand of iceblast (26)
 s - a wand of digging (22)
 J - a wand of flame (90)
 L - a wand of mindburst (33)
 P - a wand of paralysis (45)
 X - a wand of acid (28)
Scrolls
 e - 3 scrolls of blinking
 o - 3 scrolls of butterflies
 E - 7 scrolls of fog
 G - 4 scrolls of poison
 H - 8 scrolls of teleportation
 O - 4 scrolls of immolation
 R - 3 scrolls of vulnerability
 S - 5 scrolls of fear
 T - 2 scrolls of silence
 U - 3 scrolls of torment
Potions
 f - 9 potions of heal wounds
 i - 7 potions of curing
 n - a potion of enlightenment
 r - 7 potions of haste
 u - 4 potions of mutation
 x - 8 potions of lignification
 C - 4 potions of might
 D - 2 potions of attraction {unknown}
 I - a potion of ambrosia
 W - 2 potions of invisibility
Miscellaneous
 v - a phial of floods (inert)
 Q - a phantom mirror


   Skills:
 + Level 18.3 Fighting
 - Level 11.0 Short Blades
 - Level 14.0 Polearms
 - Level 12.0 Ranged Weapons
 - Level 6.0 Throwing
 + Level 14.2 Armour
 - Level 12.0 Dodging
 - Level 7.0 Stealth
 - Level 10.0 Shields
 - Level 9.0 Evocations


You had 18 spell levels left.
You didn't know any spells.
Your spell library was empty.

Dungeon Overview and Level Annotations

Branches:
Dungeon (15/15)            Temple (0/1) D:6            Lair (5/5) D:10
  Swamp (4/4) Lair:2        Snake (4/4) Lair:3        Slime (0/5) Lair:5
    Orc (2/2) D:12            Elf (3/3) Orc:2        Vaults (0/5) D:13
 Depths (0/4) D:15

Altars:
Ashenzari
Kikubaaqudgha
Nemelex Xobeh
Sif Muna
Trog
Yredelemnul
The Shining One
Jiyva

Shops:
D:3 [   D:7 (   Orc:1 !   Orc:2 (*[:   Snake:3 :(::=   Snake:4 *

Annotations:
Elf:2 Roxanne


Innate Abilities, Weirdness & Mutations

((You are very nimble when in or above water. (Stealth+, EV+, Speed+++)))
Your lower body shifts to a powerful aquatic tail in water.


Message History

You hit the deep elf blademaster. You burn the deep elf blademaster.
The deep elf blademaster is severely wounded.
The liquid fire burns you!
* * * LOW HITPOINT WARNING * * *
You closely miss the deep elf blademaster.
The deep elf blademaster is severely wounded.
The liquid fire burns you!
* * * LOW HITPOINT WARNING * * *
The deep elf blademaster hits you with a +0 quick blade.
* * * LOW HITPOINT WARNING * * *
The deep elf blademaster hits you but does no damage.
You block the deep elf blademaster's attack. x2
You miss the deep elf blademaster.
The deep elf blademaster is severely wounded.
The liquid fire burns you!
* * * LOW HITPOINT WARNING * * *
You block the deep elf blademaster's attack. x4
Unknown command.
Press: ? - help, v - describe, . - travel, g - get item
Here: a deep elf blademaster, wielding two +0 quick blades and wearing a +3 ring mail (severely wounded)
Items here: $ )))))))))) = [[[[[[ ÷÷÷÷.
The floor, spattered with blood.
Your +9 demon trident of flaming stops flaming.
Your +3 quick blade of flaming bursts into flame!
m - a +3 quick blade of flaming (weapon)
The liquid fire burns you!
* * * LOW HITPOINT WARNING * * *
You hit the deep elf blademaster. You burn the deep elf blademaster.
You puncture the deep elf blademaster! You burn the deep elf blademaster!
The deep elf blademaster is almost dead.
The liquid fire burns you!
* * * LOW HITPOINT WARNING * * *
You block the deep elf blademaster's attack. x4
The deep elf elementalist casts a spell.
The deep elf elementalist seems to speed up.
You puncture the deep elf blademaster! You burn the deep elf blademaster.
You miss the deep elf blademaster.
The deep elf blademaster is almost dead.
The liquid fire burns you!
You die...

+## ##.## #.#
..# ##.###.##
..#
#######.#...#
..+
............##
..#
########.....+
..# ##.....##
### ##.......#
# #.)......#
#@########
###e# #.)e#
##)### ##$$~##
##.)...##
#..~⌠...#
##..e..##
##...##


You could see a deep elf blademaster and a deep elf elementalist (fast, repels
missiles).

Vanquished Creatures
  Bai Suzhen (Swamp:3)
  Saint Roka (Snake:3)
  Norris (Elf:2)
  The ghost of sup the Slayer, an adept MiBe of Trog (Snake:2)
  A deep elf blademaster (Elf:3)
  2 deep elf master archers (Elf:3)
  Aizul (Snake:4)
  Donald (Snake:3)
  7 nagarajas
  3 deep elf sorcerers (Elf:3)
  A fenstrider witch (Swamp:4)
  3 deep elf elementalists (Elf:3)
  An orc warlord (Orc:2)
  An ironbound preserver (D:13)
  3 very ugly things (Swamp:4)
  9 eleionomae
  2 deep elf demonologists (Elf:3)
  2 deep elf death magi (Elf:3)
  Azrael (Elf:2)
  4 deep elf annihilators (Elf:3)
  3 bunyips
  An ettin (D:15)
  3 green deaths
  3 deep elf high priests (Elf:3)
  An entropy weaver (shapeshifter) (D:14)
  A great orb of eyes (Swamp:4)
  2 ghost crabs
  3 ogre magi
  2 hell beasts (Swamp:4)
  8 two-headed ogres
  A catoblepas (Lair:3)
  7 boulder beetles
  12 hydras
  6 centaur warriors
  3 alligators
  9 anacondas
  7 dancing weapons
  A hell hog (Lair:5)
  6 tengu warriors
  2 orc high priests (Orc:2)
  8 naga warriors
  3 spriggan berserkers (Swamp:3)
  6 death yaks (Lair:3)
  A thrashing horror (Swamp:4)
  9 naga sharpshooters
  5 shock serpents
  3 deep elf knights
  4 spriggan druids
  4 goliath frogs
  4 skysharks
  3 salamander mystics
  6 sea snakes (Snake:4)
  An arcanist (D:14)
  9 bog bodies
  8 mana vipers
  11 swamp dragons
  5 deep elf archers
  11 naga ritualists
  4 orc knights
  A lindwurm (Lair:5)
  A necromancer (D:15)
  2 wolf spiders
  10 deep elf pyromancers
  12 deep elf zephyrmancers
  5 will-o-the-wisps
  6 manticores
  5 orc sorcerers
  10 salamanders
  8 ugly things
  7 elephants
  9 cyclopes
  A large abomination (Abyss:3)
  17 naga magi
  A kobold blastminer (Orc:2)
  10 guardian serpents
  47 black mambas
  18 cane toads
  2 torpor snails
  2 gargoyles
  4 kobold demonologists
  An unseen horror (D:11)
  An orange demon (Swamp:4)
  2 rime drakes
  A freezing wraith (D:15)
  11 komodo dragons
  11 trolls
  2 bloated husks
  A tengu conjurer (D:13)
  A queen bee (shapeshifter) (D:14)
  14 polar bears
  9 tyrant leeches
  8 hornets
  6 dream sheep (Lair:5)
  20 blink frogs
  4 raiju (Lair:5)
  16 slime creatures
  2 air elementals
  35 yaks
  A centaur simulacrum (D:13)
  4 shadows (Swamp:4)
  5 water elementals
  14 wyverns
  11 spriggans
  A vampire (D:12)
  Grum (Lair:1)
  4 fire elementals
  A steam dragon (Lair:3)
  3 basilisks
  3 redbacks (Lair:5)
  19 vampire mosquitoes
  9 wargs
  11 swamp worms
  A small abomination (Swamp:4)
  3 acid dragons
  29 nagas
  15 hell hounds
  37 water moccasins
  24 orc warriors
  22 black bears
  2 ice beasts
  3 swamp drakes
  3 laughing skulls
  A sky beast (D:8)
  4 centaurs
  10 ogres
  26 wolves
  15 kobold brigands
  Blork the orc (D:5)
  A gnoll sergeant (D:6)
  8 bullfrogs
  An earth elemental (Elf:3)
  A scorpion (D:6)
  7 wights
  14 killer bees
  2 electric eels
  4 bombardier beetles
  2 howler monkeys
  3 crimson imps (Abyss:3)
  A quasit (D:7)
  8 hounds
  2 jellies (D:5)
  19 orc priests
  2 gnoll boudas
  4 iguanas
  Natasha (thrice) (D:2)
  19 orc wizards
  Robin (D:3)
  13 gnolls
  5 adders
  2 shadow imps (D:10)
  5 white imps (Abyss:3)
  A ribbon worm (D:3)
  3 dart slugs
  47 orcs
  6 ball pythons
  7 bats
  6 endoplasms
  3 giant cockroaches
  10 hobgoblins
  8 jackals
  2 quokkas
  3 training dummies (D:7)
  3 frilled lizards
  18 goblins
  2 goblin skeletons (D:7)
  A goblin zombie (D:7)
  2 hobgoblin zombies (D:7)
  58 kobolds
  8 kobold skeletons (D:10)
  11 kobold zombies
  An orc skeleton (D:7)
  6 rats
1171 creatures vanquished.

Vanquished Creatures (others)
  An occultist (D:15)
  26 foxfires
27 creatures vanquished.

Grand Total: 1198 creatures vanquished

Notes
Turn   | Place    | Note
-------+----------+-------------------------------------------
     0 | D:1      | bonscott the Merfolk Berserker began the quest for the Orb.
     0 | D:1      | Reached XP level 1. HP: 18/18 MP: 1/1
   139 | D:1      | Reached XP level 2. HP: 24/24 MP: 2/2
   356 | D:1      | Reached XP level 3. HP: 30/30 MP: 3/3
   367 | D:1      | Reached skill level 4 in Fighting
   695 | D:2      | Noticed an ogre
   758 | D:2      | Killed an ogre
   759 | D:2      | Reached skill level 5 in Fighting
   759 | D:2      | Reached XP level 4. HP: 39/39 MP: 4/4
   759 | D:2      | Reached XP level 5. HP: 44/44 MP: 5/5
  1116 | D:2      | Identified the +4 whip of Reinforcement {venom, *Slow rElec
                  | Will+++ Int-4}
  1313 | D:2      | Noticed Natasha
  1321 | D:2      | Killed Natasha
  1426 | D:2      | Noticed Natasha
  1429 | D:2      | Killed Natasha
  1701 | D:2      | Noticed Natasha
  1711 | D:2      | Killed Natasha
  1711 | D:2      | Reached ** piety under Trog
  1825 | D:3      | Reached XP level 6. HP: 48/51 MP: 6/6
  2036 | D:3      | Found Voxobuos's Antique Armour Shoppe.
  2545 | D:3      | Noticed Robin
  2565 | D:3      | Killed Robin
  2633 | D:4      | Noticed a black bear
  2645 | D:4      | Killed a black bear
  2646 | D:4      | Reached XP level 7. HP: 57/57 MP: 7/7
  2994 | D:4      | Reached skill level 6 in Fighting
  3274 | D:4      | Reached *** piety under Trog
  3369 | D:4      | Reached skill level 5 in Armour
  3371 | D:4      | Reached skill level 1 in Throwing
  3561 | D:5      | Entered Level 5 of the Dungeon
  3626 | D:5      | Noticed Blork the orc
  3636 | D:5      | Killed Blork the orc
  3637 | D:5      | Reached XP level 8. HP: 49/64 MP: 8/8
  4408 | D:5      | Reached skill level 1 in Stealth
  4650 | D:6      | Reached skill level 7 in Fighting
  4650 | D:6      | Reached XP level 9. HP: 50/72 MP: 9/9
  4847 | D:6      | Reached skill level 5 in Dodging
  5015 | D:6      | Found a staircase to the Ecumenical Temple.
  5070 | D:6      | Reached skill level 8 in Fighting
  5085 | D:5      | Reached skill level 1 in Evocations
  5516 | D:3      | Bought a buckler for 135 gold pieces
  5516 | D:3      | Bought a pair of glimmering gloves for 285 gold pieces
  5516 | D:3      | Identified the +0 pair of gloves of the Tanner {rC+} (You
                  | bought it in a shop on level 3 of the Dungeon)
  6078 | D:7      | Found a glowing golden altar of the Shining One.
  6151 | D:7      | Found Ket Memn's Firing Range.
  6352 | D:7      | Reached skill level 9 in Fighting
  6459 | D:7      | Found a basalt altar of Yredelemnul.
  6557 | D:8      | Reached **** piety under Trog
  6558 | D:8      | Reached skill level 1 in Shields
  6608 | D:8      | Reached XP level 10. HP: 71/83 MP: 10/10
  6656 | D:8      | Found a broken altar of Ashenzari.
  7586 | D:9      | Reached skill level 10 in Fighting
  8061 | D:9      | Reached skill level 5 in Throwing
  8206 | D:10     | Entered Level 10 of the Dungeon
  8482 | D:10     | Found an ancient bone altar of Kikubaaqudgha.
  8482 | D:10     | Noticed a kobold demonologist
  8483 | D:10     | Noticed a smoke demon
  8554 | D:10     | Killed a kobold demonologist
  8991 | D:10     | Found a staircase to the Lair.
  9025 | D:10     | Reached XP level 11. HP: 86/92 MP: 11/11
  9039 | D:10     | Reached ***** piety under Trog
  9116 | D:10     | Noticed a five-headed hydra
  9141 | D:10     | Killed a five-headed hydra
  9142 | D:10     | Reached skill level 11 in Fighting
 10560 | D:11     | Identified the -2 pair of gloves "Geic Jusmypa" {Dex+3
                  | SInv}
 10941 | D:11     | Noticed a manticore
 10953 | D:11     | Killed a manticore
 11013 | D:11     | Noticed a cyclops
 11022 | D:11     | Killed a cyclops
 11084 | D:11     | Reached skill level 12 in Fighting
 11502 | D:12     | Noticed a deep elf pyromancer
 11576 | D:12     | Killed a deep elf pyromancer
 11830 | D:12     | Identified the +0 helmet of Susugh {rC+ Int+4}
 11848 | D:12     | Noticed a manticore
 11861 | D:12     | Killed a manticore
 11886 | D:12     | Noticed a cyclops
 11909 | D:12     | Killed a cyclops
 11910 | D:12     | Reached skill level 5 in Shields
 11910 | D:12     | Reached XP level 12. HP: 103/103 MP: 12/12
 12026 | D:12     | Found a staircase to the Orcish Mines.
 12415 | D:12     | Received a gift from Trog
 12835 | D:13     | Noticed a two-headed ogre
 12849 | D:13     | Killed a two-headed ogre
 12850 | D:13     | Reached skill level 13 in Fighting
 12857 | D:13     | Noticed an ogre mage
 13030 | D:13     | Killed an ogre mage
 13031 | D:13     | Reached skill level 10 in Armour
 13258 | D:13     | Noticed a centaur warrior
 13273 | D:13     | Killed a centaur warrior
 13471 | D:13     | Noticed an eight-headed hydra
 13550 | D:13     | Killed an eight-headed hydra
 13704 | D:13     | Noticed a two-headed ogre
 13707 | D:13     | Noticed an ironbound preserver
 13852 | D:13     | Killed an ironbound preserver
 14057 | D:13     | You fall into a shaft and drop 2 floors!
 14057 | D:15     | Entered Level 15 of the Dungeon
 14092 | D:14     | Noticed a centaur warrior
 14093 | D:14     | Noticed a centaur warrior
 14264 | D:15     | Noticed an ogre mage
 14264 | D:15     | Noticed a two-headed ogre
 14409 | D:14     | Noticed a centaur warrior
 14604 | D:15     | Noticed a tengu warrior
 14604 | D:15     | Noticed an occultist
 14611 | D:15     | Noticed a tengu warrior
 14616 | D:15     | Noticed an ettin
 14637 | D:15     | Killed a tengu warrior
 14687 | D:14     | Noticed a centaur warrior
 14696 | D:14     | Killed a centaur warrior
 14698 | D:14     | HP: 7/157 [centaur warrior (6)]
 14699 | D:14     | HP: 3/157 [centaur warrior (3)]
 14700 | D:14     | Killed a centaur warrior
 14993 | D:14     | Killed a centaur warrior
 14994 | D:14     | Reached XP level 13. HP: 103/112 MP: 8/13
 15366 | D:14     | Identified the +8 dagger of Geurov {antimagic, rF+++}
 15424 | D:13     | Reached skill level 14 in Fighting
 15516 | D:13     | Found a gate to the Vaults.
 15723 | D:10     | Identified a scroll of acquirement
 15723 | D:10     | Acquired the +0 pair of gloves of the King of the Hill
                  | {Regen+}
 15851 | Lair:1   | Entered Level 1 of the Lair of Beasts
 15930 | Lair:1   | Noticed Grum
 15942 | Lair:1   | Killed Grum
 15943 | Lair:1   | Reached skill level 1 in Short Blades
 16328 | Lair:5   | Entered Level 5 of the Lair of Beasts
 16877 | Lair:5   | Reached skill level 5 in Short Blades
 17196 | Lair:5   | Reached skill level 15 in Fighting
 17321 | Lair:5   | Reached XP level 14. HP: 123/123 MP: 10/14
 17355 | Lair:5   | Got an earthy gem with 2205 turns to spare
 18531 | Lair:5   | Reached skill level 10 in Short Blades
 18852 | Lair:5   | Reached skill level 1 in Ranged Weapons
 18962 | Lair:5   | Found the +3 greatsling "Punk" {acid, rCorr}
 19060 | Lair:5   | Found a viscous altar of Jiyva.
 19060 | Lair:5   | Found a staircase to the Slime Pits.
 20413 | Lair:4   | Reached skill level 10 in Dodging
 20760 | Lair:3   | You fall into a shaft and drop 2 floors!
 20872 | Lair:3   | Identified the +2 robe of Boag {Int+3}
 21217 | Lair:3   | Found a staircase to the Snake Pit.
 21728 | Lair:3   | Reached XP level 15. HP: 130/130 MP: 15/15
 21920 | Lair:3   | Reached skill level 16 in Fighting
 22903 | Lair:2   | Found a staircase to the Swamp.
 23414 | Lair:1   | Reached ****** piety under Trog
 23897 | Orc:1    | Entered Level 1 of the Orcish Mines
 24011 | Orc:2    | Entered Level 2 of the Orcish Mines
 24401 | Orc:2    | Found a bloodstained altar of Trog.
 24444 | Orc:1    | Reached skill level 5 in Ranged Weapons
 24471 | Orc:1    | Identified the +9 dagger of Dapnuvex {antimagic, rPois
                  | Str-4 SInv} (Trog gifted it to you on level 1 of the Orcish
                  | Mines)
 24471 | Orc:1    | Received a gift from Trog
 24539 | Orc:1    | Paralysed by an orc sorcerer for 4 turns
 24836 | Orc:2    | Noticed an orc warlord
 24959 | Orc:2    | Killed an orc warlord
 25196 | Orc:2    | Found Zosiukk's Antique Armour Shop.
 25233 | Orc:2    | Found a staircase to the Elven Halls.
 25270 | Orc:2    | Found Zirash's Book Shoppe.
 25532 | Orc:2    | Reached skill level 17 in Fighting
 25534 | Orc:2    | Found Vemaycei's General Store.
 25563 | Orc:2    | Paralysed by an orc sorcerer for 4 turns
 25589 | Orc:2    | Reached skill level 5 in Evocations
 25677 | Orc:2    | Found Juick's Antique Weapon Shoppe.
 25948 | Orc:1    | Found Vom Leum's Distillery.
 26845 | D:14     | Reached skill level 5 in Stealth
 27267 | D:14     | Reached XP level 16. HP: 141/141 MP: 16/16
 27470 | D:14     | Received a gift from Trog
 27810 | D:15     | Found a staircase to the Depths.
 27842 | Abyss:2  | Cast into level 2 of the Abyss (an occultist)
 27908 | D:15     | Escaped the Abyss
 27928 | Abyss:3  | Cast into level 3 of the Abyss (an occultist)
 28057 | D:15     | Escaped the Abyss
 28794 | D:15     | Reached skill level 5 in Polearms
 29599 | D:3      | Bought a pair of embroidered boots for 225 gold pieces
 29828 | Snake:1  | Entered Level 1 of the Snake Pit
 30675 | Snake:3  | Found Luvyihagh's Weapon Shop.
 30781 | Snake:3  | Found Ynkait's Book Shoppe.
 30831 | Snake:3  | Found Baoq Zum's Book Boutique.
 30832 | Snake:3  | Found Jecas's Jewellery Shoppe.
 30833 | Snake:3  | Found Sanigaor's Book Boutique.
 30948 | Snake:3  | Identified the +5 trident "Embalmer" {flame, Will+ Str-4
                  | SInv} (Trog gifted it to you on level 3 of the Snake Pit)
 30948 | Snake:3  | Received a gift from Trog
 31070 | Snake:3  | Noticed a nagaraja
 31080 | Snake:3  | Killed a nagaraja
 31094 | Snake:4  | Entered Level 4 of the Snake Pit
 31168 | Snake:4  | Identified the serpent talisman "Sihes" {rCorr MP+9 Str+3}
 31168 | Snake:4  | Noticed Aizul
 31186 | Snake:4  | Killed Aizul
 31283 | Snake:4  | Reached XP level 17. HP: 131/147 MP: 17/17
 31944 | Snake:4  | Reached skill level 10 in Polearms
 32129 | Snake:4  | Got a jade gem with 305 turns to spare
 32132 | Snake:4  | Got a serpentine rune of Zot
 32212 | Snake:4  | Found Doebb's Assorted Antiques.
 32806 | Snake:3  | Found a runed translucent door.
 33236 | Snake:3  | Noticed Donald
 33307 | Snake:3  | Killed Donald
 34085 | Snake:2  | Noticed Saint Roka
 34140 | Snake:3  | Killed Saint Roka
 34362 | Snake:2  | Found a shimmering blue altar of Sif Muna.
 34370 | Snake:2  | Received a gift from Trog
 34560 | Snake:2  | Found a large runed translucent door.
 34560 | Snake:2  | Found a large runed translucent door.
 34563 | Snake:2  | Noticed sup's ghost (adept MiBe)
 35190 | Snake:2  | Killed sup's ghost
 35428 | Snake:1  | Reached XP level 18. HP: 154/154 MP: 18/18
 35944 | D:10     | Acquired +2 ice dragon scales
 36313 | Swamp:1  | Entered Level 1 of the Swamp
 36547 | Swamp:1  | Reached skill level 10 in Shields
 36631 | Swamp:4  | Entered Level 4 of the Swamp
 36788 | Swamp:4  | Received a gift from Trog
 37524 | Swamp:4  | Reached skill level 10 in Ranged Weapons
 37597 | Swamp:4  | Got a mossy gem with 682 turns to spare
 37599 | Swamp:4  | Got a decaying rune of Zot
 37773 | Swamp:4  | Received a gift from Trog
 38390 | Swamp:3  | Noticed Bai Suzhen
 38405 | Swamp:3  | Killed Bai Suzhen
 38438 | Swamp:3  | Acquired a manual of Evocations
 39154 | Swamp:2  | Reached XP level 19. HP: 145/162 MP: 19/19
 39427 | Swamp:1  | Found a sparkling altar of Nemelex Xobeh.
 39585 | Swamp:1  | Reached skill level 18 in Fighting
 39978 | Elf:1    | Entered Level 1 of the Elven Halls
 40032 | Elf:2    | Identified the +4 flail of Destiny {antimagic, Str-2 Int+2
                  | Dex+5}
 40096 | Elf:2    | Noticed Azrael
 40207 | Elf:2    | Killed Azrael
 40237 | Elf:2    | Noticed Norris
 40255 | Elf:2    | Killed Norris
 40324 | Elf:3    | Entered Level 3 of the Elven Halls
 40482 | Elf:2    | Noticed Roxanne
 40778 | Elf:3    | Identified the +10 spear of Beogh's Outrage {distort, rPois
                  | rC++ Str+3 Int-3}
 41057 | Elf:3    | Identified the +10 morningstar "Zobud" {freeze, Str+2
                  | Int+2}
 41075 | Elf:3    | Identified the +3 long sword of a bailey {vamp, Will+
                  | Str+7}
 41076 | Elf:3    | Identified the +6 long sword of Ifif {holy, rF+ rN+ Will-}
 41076 | Elf:3    | Identified the +2 robe of Waraad {rElec}
 41095 | Elf:3    | HP: 11/244 [burnt (11)]
 41097 | Elf:3    | HP: 3/244 [burnt (6)]
 41098 | Elf:3    | Incinerated by a balrug

Illustrated notes

Levels and vault maps discovered:
D:1:      wander_arrival_estate, layout_rooms, palyth_stone_intersect
D:2:      layout_basic, uniq_natasha
D:3:      minmay_octagon_keep, layout_basic, serial_shops, shop, nrook_campfire,
          uniq_robin
D:4:      kb_forest_paths, layout_rooms, minmay_gold_behind_fungi
D:5:      nicolae_cairo_tiling, layout_gridville, uniq_blork_the_orc
D:6:      layout_rooms, minmay_temple_entry_overgrown,
          nicolae_figureground_pulse
D:7:      layout_loops_ring, nicolae_tso_besieged_by_evil, lemuel_crystal_altar,
          nicolae_shop_firing_range
D:8:      layout_basic, mainiacjoe_overflow_paths, serial_bayou_crossing
D:9:      layout_gridville, minivault_16
D:10:     wander_kiku_kobolds, layout_grid_maze, erik_lair_orcish_takeover,
          kennysheep_just_a_vault
D:11:     layout_loops_corners
D:12:     layout_basic, david_orc_1_choice
D:13:     layout_stronghold, skrybe_vaults_entry_preservation, minmay_checkerbox
D:14:     layout_grid_maze, serial_bayou_pond_b
D:15:     hangedman_depths_entry_civil_slaughter, layout_stronghold
Lair:1:   layout_regular_city, grunt_megastairs_3, uniq_grum
Lair:2:   beast_lair_carwin_large_3, layout_hall_layers,
          minmay_swamp_entry_swarm, infiniplex_staircase_pool,
          grunt_megastairs_1
Lair:3:   layout_regular_city, minmay_snake_entry_six_corridors
Lair:4:   layout_layer_cave, grunt_megastairs_5
Lair:5:   hangedman_lair_tendril_chambers, layout_misc_corridors,
          hangedman_lair_caniforms_friends, dpeg_slime_entry_enclosed,
          serial_bayou_shore_b
Swamp:1:  layout_basic_swamp, serial_swamp_ruin, evilmike_swamp_ruin_house_6,
          evilmike_swamp_ruin_wall, nicolae_swamp_godswood
Swamp:2:  layout_basic_swamp, nicolae_swamp_reclaimed_castle, swamp_pool_4
Swamp:3:  layout_falls_marsh, evilmike_swamp_ruin_house_2, uniq_bai_suzhen
Swamp:4:  swamp_vile, layout_basic_swamp
Snake:1:  layout_misc_corridors
Snake:2:  layout_basic, ebering_ghost_disaster_area,
          serial_library_hellmonk_narrow_alcove, uniq_saint_roka
Snake:3:  cheibrodos_toxic_ritual, layout_grid_shapes, serial_shops,
          nicolae_shop_tiny_glass, shop, nicolae_coiled_stairwell_down,
          minmay_shop_grove, uniq_donald
Snake:4:  grunt_snake_rune_pools, layout_misc_corridors, serial_shops,
          nicolae_shop_advertising_works [nicolae_subvault_shop_adworks],
          uniq_aizul
Orc:1:    layout_caves, serial_shops, nicolae_shop_pleasant_corner_grove
Orc:2:    grunt_orc_gardens, layout_diamond_mine, grunt_orc_garden,
          grunt_orc_garden, grunt_orc_garden, grunt_orc_garden, basic_altar,
          nicolae_orc_lava_room
Elf:1:    layout_gridlike, nicolae_elf_blasts_and_bolts, uniq_louise
Elf:2:    nicolae_elf_blades_crystal_corner, layout_geoelf_octagon,
          serial_shops, bzr_entry_islet, uniq_azrael, uniq_roxanne, uniq_norris
Elf:3:    grunt_elf_hall_diamonds, layout_geoelf_diagonals

Skill      XL: |  1  2  3  4  5  6  7  8  9 10 11 12 13 14 15 16 17 18 19 |
---------------+----------------------------------------------------------+-----
Dodging        | 3 4 5 6 7 9 10 11 12 | 12.0
Fighting       | 5 6 7 9 10 12 13 15 17 18 | 18.3
Armour         | 2 3 4 5 6 7 9 10 11 12 13 14 | 14.2
Throwing       | 2 4 5 6 |  6.0
Stealth        | 3 5 7 |  7.0
Evocations     | 3 4 7 8 9 |  9.0
Shields        | 1 4 5 6 9 10 | 10.0
Short Blades   | 6 10 11 | 11.0
Ranged Weapons | 3 5 6 7 10 12 | 12.0
Polearms       | 8 14 | 14.0

Action                     |  1- 3 |  4- 6 |  7- 9 | 10-12 | 13-15 | 16-18 | 19-21 || total
---------------------------+-------+-------+-------+-------+-------+-------+-------++-------
  Melee: Spear             |    97 |    14 |       |       |       |       |       ||   111
         Whip              |       |    59 |    42 |    11 |       |    80 |       ||   192
         Punch             |       |     2 |     2 |     2 |       |       |       ||     6
         Trident           |       |       |   225 |   662 |   857 |     1 |       ||  1745
         Scimitar          |       |       |       |     7 |       |     2 |     8 ||    17
         Dagger            |       |       |       |     5 |   693 |    80 |       ||   778
         Tailslap          |       |       |       |       |     3 |    19 |    11 ||    33
         Short sword       |       |       |       |       |   175 |       |       ||   175
         Demon trident     |       |       |       |       |       |   739 |   222 ||   961
         Quick blade       |       |       |       |       |       |       |    13 ||    13
   Fire: Sling             |     5 |    45 |   100 |   103 |    54 |       |       ||   307
         Greatsling        |       |       |       |       |   545 |   960 |   173 ||  1678
  Throw: Stone             |     2 |       |     1 |     1 |       |       |       ||     4
         Dart              |       |       |     1 |    28 |     7 |     2 |       ||    38
         Boomerang         |       |       |       |     3 |     9 |     6 |       ||    18
         Throwing net      |       |       |       |     2 |       |       |       ||     2
 Invoke: Berserk           |     2 |     2 |     7 |    30 |    32 |    20 |     2 ||    95
         Brothers in Arms  |       |       |       |       |       |     4 |     2 ||     6
         Trog's Hand       |       |       |       |       |       |     2 |     7 ||     9
  Evoke: Wand              |       |       |       |    10 |    10 |     6 |     9 ||    35
         Phantom mirror    |       |       |       |       |     1 |       |       ||     1
         Phial of floods   |       |       |       |       |       |       |     1 ||     1
    Use: Scroll            |       |     3 |     5 |    14 |    10 |     6 |     3 ||    41
         Potion            |       |       |       |     2 |     3 |     5 |     6 ||    16
   Stab: Sleeping          |     2 |     3 |       |       |       |       |       ||     5
         Distracted        |       |       |       |     1 |       |     2 |       ||     3
         Invisible         |       |       |       |       |     1 |       |       ||     1
 Armour: Animal skin       |    34 |    12 |       |       |       |       |       ||    46
         Leather armour    |       |    19 |    18 |       |       |       |       ||    37
         Ring mail         |       |       |    60 |       |       |       |       ||    60
         Scale mail        |       |       |    91 |   243 |       |       |       ||   334
         Acid dragon scale |       |       |       |   271 |  1259 |   512 |       ||  2042
         Skin              |       |       |       |       |    39 |       |       ||    39
         Swamp dragon scal |       |       |       |       |       |    75 |     8 ||    83
         Storm dragon scal |       |       |       |       |       |       |    93 ||    93
  Dodge: Dodged            |    37 |    37 |   148 |   456 |  1257 |   495 |    73 ||  2503
  Block: Buckler           |       |       |       |   161 |   413 |       |       ||   574
         Kite shield       |       |       |       |       |    23 |   514 |       ||   537
         Reflection        |       |       |       |       |       |    71 |    27 ||    98
         Tower shield      |       |       |       |       |       |   347 |   219 ||   566
